 Dungeon Crawl Stone Soup version 0.28-a0-529-g3bad584f25 (webtiles) character file.

Game seed: 5586891664296630768

3467 fiend the Jinx (level 9, 30/45 HPs)
             Began as a Spriggan Conjurer on Sept 24, 2021.
             Was an Initiate of Gozag.
             Quit the game on level 8 of the Dungeon.
             The game lasted 00:25:35 (9863 turns).

fiend the Jinx (Spriggan Conjurer)                  Turns: 9863, Time: 00:25:36

Health: 30/45      AC:  3    Str:  3    XL:     9   Next: 78%
Magic:  0/19       EV: 20    Int: 29    God:    Gozag
Gold:   704        SH:  0    Dex: 13    Spells: 6/20 levels left

rFire   . . .      SeeInvis +   c - +2 dagger (venom)
rCold   . . .      Faith    .   (shield restricted)
rNeg    . . .      Spirit   .   a - +1 robe
rPois   .          Reflect  .   (helmet restricted)
rElec   .          Harm     .   (no cloak)
rCorr   .          Rampage  .   (gloves unavailable)
Will    +....                   (boots unavailable)
Stlth   +++.......              (no amulet)
HPRegen 0.15/turn               W - ring of wizardry
MPRegen 0.16/turn               z - +6 ring of intelligence

@: very quick
A: very small, no large weapons, unfitting armour, see invisible, speed 3
a: Renounce Religion, Potion Petition, Call Merchant, Bribe Branch


You were on level 8 of the Dungeon.
You worshipped Gozag.
Gozag was pleased with you.
You visited 2 branches of the dungeon, and saw 9 of its levels.

You collected 762 gold pieces.
You paid 58 gold pieces to Gozag.

Inventory:

Hand Weapons
 c - a +2 dagger of venom (weapon)
Missiles
 n - 36 poisoned darts
Armour
 a - a +1 robe (worn)
Jewellery
 u - a ring of flight
 y - a ring of ice
 z - a +6 ring of intelligence (right hand)
 W - a ring of wizardry (left hand)
Wands
 v - a wand of flame (19)
Scrolls
 d - 2 scrolls of enchant armour
 g - 3 scrolls of vulnerability
 m - 4 scrolls of immolation
 r - a scroll of magic mapping
 t - a scroll of teleportation
Potions
 b - a potion of degeneration {unknown}
 e - 2 potions of brilliance {unknown}
 i - a potion of might {unknown}
 j - 2 potions of mutation {unknown}
 k - a potion of flight {unknown}
 l - 2 potions of resistance {unknown}
 p - 2 potions of ambrosia {unknown}
 s - 2 potions of curing {unknown}
 w - a potion of heal wounds {unknown}


   Skills:
 - Level 4.0 Fighting
 - Level 7.0 Dodging
 - Level 6.0 Stealth
 - Level 6.0 Spellcasting
 + Level 5.5 Conjurations
 - Level 8.0 Hexes
 - Level 8.0 Translocations


You had 6 spell levels left.
You knew the following spells:

 Your Spells              Type           Power      Damage    Failure   Level
a - Magic Dart            Conj           100%       1d8       1%          1
b - Searing Ray           Conj           80%        2d7       1%          2
c - Fulminant Prism       Conj/Hex       23%        3d13      1%          4
d - Dazzling Flash        Conj/Hex       94%        N/A       1%          3
x - Iskenderun's Mystic   Conj/Tloc      47%        2d10      1%          4

Your spell library contained the following spells:

 Spells                   Type           Power      Damage    Failure   Level
 Freeze                   Ice            32%        1d5       2%          1
 Frozen Ramparts          Ice            16%        1d3       7%          3
 Hailstorm                Conj/Ice       24%        3d7       8%          4
 Silence                  Hex/Air        15%        N/A       12%         5
 Agony                    Necr           8%         N/A       50%         5


Dungeon Overview and Level Annotations

Branches:
Dungeon (8/15)             Temple (1/1) D:5
   Lair: D:8-11

Altars:
Ashenzari
Cheibriados
Dithmenos
Elyvilon
Fedhas
Gozag
Hepliaklqana
Kikubaaqudgha
Makhleb
Nemelex Xobeh
Okawaru
Qazlal
Ru
Sif Muna
Trog
Uskayaw
Wu Jian
Yredelemnul
Zin
The Shining One

Annotations:
D:3 exclusions: endoplasm, quokka and steam dragon
D:5 Grinder, Prince Ribbit
D:6 exclusion: 2 doors


Innate Abilities, Weirdness & Mutations

You are very small and have problems with some larger weapons.
You are too small for most types of armour.
You have supernaturally acute eyesight. (SInv)
You cover ground extremely quickly. (Speed+++)


Message History

The death yak bellows!
A fulminant prism comes into view.
The death yak is no longer distracted by gold.
The death yak is distracted by your dazzling golden aura.
You now have 7/19 mp.
Your fulminant prism crackles loudly.
You hear an explosion!
You hear a bellow!
You start resting.
A troll is nearby!
You regained 2 mp, and now have 10/19 mp.
You conjure a prism of explosive energy!
A fulminant prism comes into view.
You now have 6/19 mp.
Your fulminant prism crackles loudly.
The blast of energy engulfs the death yak!
Aim: a troll (82% to hit)
The searing ray hits the troll! (Press . to maintain the ray.)
You now have 4/19 mp.
The searing ray hits the troll.
The searing ray hits the death yak.
A death yak comes into view.
The searing ray hits the troll!
The searing ray hits the death yak.
The troll misses you. The troll claws you! The troll claws you.
You take 17 damage, and have 28/45 hp.
MASSIVE DAMAGE!!
You now have 3/19 mp.
The searing ray hits the troll.
The searing ray hits the death yak.
You finish channelling your searing ray.
You now have 2/19 mp.
Aim: a death yak (moderately wounded, 94% to hit)
Okay, then.
You conjure a prism of explosive energy!
A fulminant prism comes into view.
You now have 0/19 mp.
Your fulminant prism crackles loudly.
The blast of energy engulfs the death yak!
You hear a bellow!
Things that are here:
a +0 hand axe; a +0 ring mail You don't have enough magic to cast this spell.

#........# ####'#.###
#.#.# #.#.# #.#.#
###)#.# #.).#..
#.#######.. ##@........
###########.############
#......)..).............
##......)...############
#..T.Y....###
##.######.# #.# #.# #Y#
#.# #.# #.#


There were no monsters in sight!

Vanquished Creatures
  A two-headed ogre (D:7)
  A wyvern (D:7)
  Edmund (D:4)
  A water moccasin (D:6)
  Duvessa (D:7)
  An ice beast (D:6)
  A black bear (D:6)
  An orc warrior (D:6)
  4 sky beasts
  2 necrophages
  5 ogres
  A centaur (D:7)
  2 kobold brigands (D:6)
  3 bullfrogs (D:7)
  2 scorpions
  Dowan (D:7)
  A centaur skeleton (D:6)
  4 orc priests
  3 hounds (D:7)
  Jessica (D:3)
  3 orc wizards
  Natasha (D:3)
  An iguana (D:6)
  A killer bee zombie (D:7)
  2 hound skeletons (D:4)
  A howler monkey zombie (D:6)
  4 adders
  2 ufetubi
  2 worms
  2 dart slugs
  19 orcs
  4 endoplasms
  3 giant cockroaches
  10 goblins
  5 hobgoblins
  3 quokkas
  8 ball pythons
  7 bats
  2 frilled lizards
  20 kobolds
  A quokka skeleton (D:4)
138 creatures vanquished.

Vanquished Creatures (others)
  29 fulminant prisms
29 creatures vanquished.

Grand Total: 167 creatures vanquished

Notes
Turn   | Place    | Note
-------+----------+-------------------------------------------
     0 | D:1      | fiend the Spriggan Conjurer began the quest for the Orb.
     0 | D:1      | Reached XP level 1. HP: 9/9 MP: 5/5
   201 | D:1      | Found a faded altar of an unknown god.
   434 | D:1      | Reached XP level 2. HP: 11/13 MP: 0/7
   522 | D:1      | Learned a level 2 spell: Searing Ray
  1540 | D:2      | Reached XP level 3. HP: 16/16 MP: 5/8
  2124 | D:3      | Noticed Jessica
  2127 | D:3      | Killed Jessica
  2269 | D:3      | Noticed a steam dragon
  2356 | D:3      | Reached XP level 4. HP: 21/21 MP: 4/9
  2578 | D:3      | Noticed Natasha
  2593 | D:3      | Killed Natasha
  3133 | D:3      | Learned a level 4 spell: Fulminant Prism
  3175 | D:4      | Noticed an ogre
  3262 | D:4      | Noticed an ogre
  3266 | D:4      | Killed an ogre
  3267 | D:4      | Reached XP level 5. HP: 24/24 MP: 4/10
  3341 | D:4      | Killed an ogre
  3342 | D:4      | Reached XP level 6. HP: 25/28 MP: 3/11
  3470 | D:4      | Learned a level 4 spell: Iskenderun's Mystic Blast
  3703 | D:4      | Reached skill level 5 in Conjurations
  3703 | D:4      | Reached skill level 1 in Translocations
  3818 | D:4      | Noticed Edmund
  4256 | D:5      | Entered Level 5 of the Dungeon
  4288 | D:5      | Noticed Grinder
  4314 | D:5      | Noticed a sky beast
  4321 | D:5      | Killed a sky beast
  4322 | D:5      | Reached skill level 5 in Hexes
  4322 | D:5      | Reached XP level 7. HP: 32/32 MP: 6/13
  4608 | D:5      | Noticed Prince Ribbit
  5215 | D:4      | Killed Edmund
  5476 | D:5      | Found a staircase to the Ecumenical Temple.
  5488 | Temple   | Entered the Ecumenical Temple
  5833 | Temple   | Became a worshipper of Gozag Ym Sagoz the Greedy
  6006 | D:5      | Found a hazy altar of Hepliaklqana.
  6070 | D:6      | Found the +10 dark maul {vorpal}
  6223 | D:6      | Reached skill level 5 in Translocations
  6614 | D:6      | Noticed a steam dragon
  6685 | D:6      | Reached XP level 8. HP: 31/36 MP: 5/15
  7217 | D:6      | Found a stormy altar of Qazlal.
  7366 | D:6      | Reached skill level 5 in Spellcasting
  7571 | D:6      | Reached skill level 5 in Dodging
  7619 | D:6      | Reached skill level 1 in Fighting
  7761 | D:6      | Found a bloodstained altar of Trog.
  7839 | D:6      | Learned a level 3 spell: Dazzling Flash
  7968 | D:7      | Reached skill level 5 in Stealth
  7985 | D:7      | Reached XP level 9. HP: 42/42 MP: 0/17
  8115 | D:7      | Noticed a two-headed ogre
  8178 | D:7      | Killed a two-headed ogre
  8737 | D:7      | Found a sacrificial altar of Ru.
  9003 | D:7      | Noticed Duvessa
  9003 | D:7      | Noticed Dowan
  9014 | D:7      | Killed Duvessa
  9108 | D:7      | Killed Dowan
  9560 | D:7      | Saving game... please wait.
  9560 | D:7      | Upgraded the game from 0.28-a0-519-gbfeecf2fc5 to
                  | 0.28-a0-529-g3bad584f25
  9800 | D:8      | Noticed a death yak
  9802 | D:8      | Noticed a death yak
  9806 | D:8      | Noticed a troll
  9837 | D:8      | Noticed a death yak
  9863 | D:8      | Quit the game

Illustrated notes

Levels and vault maps discovered:
D:1:      ncdulo_wetmaze, layout_loops_ring, shapermc_ecumenical_altar_pompeii,
          minmay_misc_feat_ornament, item_on_display_a
D:2:      layout_loops_ring, chequers_mini_garden,
          chequers_serial_rivers_micro_a
D:3:      layout_loops_ring, serial_glass, glass_columns_c, glass_columns_a,
          uniq_jessica, uniq_natasha
D:4:      layout_gridville, uniq_edmund
D:5:      layout_rooms, overflow_temple_1_default, minmay_temple_entry_wispy,
          uniq_prince_ribbit1, uniq_grinder
D:6:      layout_basic, old_standard_altar, mainiacjoe_overflow_surrounded_room
D:7:      layout_loops_corners, mainiacjoe_overflow_tiny_flanked,
          minmay_diced_spiral, uniq_duvessa
D:8:      layout_basic, dpeg_lair_monsters, special_room [special_room_orc]
Temple:   eino_temple_scatter_basement

Skill      XL: |  1  2  3  4  5  6  7  8  9 |
---------------+----------------------------+-----
Conjurations   | 3 4 5 |  5.5
Spellcasting   | 3 4 5 6 |  6.0
Hexes          | 2 3 5 7 8 |  8.0
Translocations | 3 6 8 |  8.0
Dodging        | 6 7 |  7.0
Fighting       | 2 4 |  4.0
Stealth        | 5 6 |  6.0

Action                   |  1- 3 |  4- 6 |  7- 9 || total
-------------------------+-------+-------+-------++-------
Melee: Short sword       |       |       |     7 ||     7
       Dagger            |       |       |     1 ||     1
 Cast: Magic Dart        |    73 |    43 |    51 ||   167
       Searing Ray       |     2 |    12 |    49 ||    63
       Fulminant Prism   |       |       |    29 ||    29
       Iskenderun's Myst |       |       |     3 ||     3
  Use: Scroll            |       |     2 |     7 ||     9
 Stab: Sleeping          |       |       |     1 ||     1
Armor: Robe              |     2 |       |     4 ||     6
Dodge: Dodged            |     9 |     8 |    51 ||    68

Table legend: (Time is in decaauts)
 A = Elapsed time spent in this place.
 B = Non-inter-level travel time spent in this place.
 C = Inter-level travel time spent in this place.
 D = Time resting spent in this place.
 E = Time spent auto-exploring this place.
 F = Levels seen in this place.
 G = Mean time per level.
                   A        B        C        D        E       F      G
               +--------+--------+--------+--------+--------+-----+--------+
         Total |   7802 |   7561 |    241 |   2505 |   3883 |   9 |  866.9 |
       Dungeon |   7529 |   7314 |    215 |   2370 |   3783 |   8 |  941.1 |
        Temple |    272 |    246 |     26 |    135 |    100 |   1 |  272.0 |
               +--------+--------+--------+--------+--------+-----+--------+

Top non-repeatable levels by time:
     D:6: 1607 daAuts
     D:7: 1286 daAuts
     D:4: 1258 daAuts
     D:3: 1016 daAuts
     D:2: 848 daAuts
     D:1: 749 daAuts
     D:5: 549 daAuts
  Temple: 272 daAuts
     D:8: 213 daAuts
